 Dungeon Crawl Stone Soup version 0.27.1-34-g3ba077fa99 (console) character file.

Game seed: 17974394385388630229

2934 toffzen the Chopper (level 9, -2/39 HPs)
             Began as a Gargoyle Berserker on Jan 12, 2022.
             Was a Priest of Trog.
             Slain by a large abomination (15 damage)
             ... on level 1 of the Abyss.
             The game lasted 00:16:12 (8355 turns).

toffzen the Chopper (Gargoyle Berserker)            Turns: 8355, Time: 00:16:13

Health: -2/39      AC: 11    Str: 19    XL:     9   Next: 80%
Magic:  9/9        EV: 10    Int:  3    God:    Trog [***...]
Gold:   247        SH: 11    Dex: 11    Spells: 8/8 levels left

rFire    . . .     SeeInvis .   o - +0 war axe (spect)
rCold    . . .     Faith    .   e - +1 kite shield
rNeg     + . .     Spirit   .   j - +0 ring mail
rPois    ∞         Reflect  .   i - +0 helmet
rElec    +         Harm     .   (no cloak)
rCorr    .         Rampage  .   (no gloves)
Will     ++...                  (no boots)
Stlth    +.........             (no amulet)
HPRegen  1.13/turn              (no ring)
MPRegen  0.11/turn              (no ring)

@: strong-willed, unable to read, very slightly contaminated, regenerating,
invisible
A: sickness immunity, AC +6, negative energy resistance 1, electricity
resistance, torment resistance 1, petrification resistance, [deformed body],
[dopey 2], [frail 3], [weak 2], [subdued magic 2], [inability to read while
threatened]
a: Renounce Religion, Berserk, Trog's Hand


You were on level 1 of the Abyss.
You worshipped Trog.
Trog was most pleased with you.
You visited 1 branch of the dungeon, and saw 8 of its levels.
You visited the Abyss 1 time.

You collected 247 gold pieces.

Inventory:

Hand Weapons
 a - a +2 vorpal flail
 o - a +0 spectral war axe (weapon)
Missiles
 c - 101 stones (quivered)
 f - 61 sling bullets
 h - a throwing net
Armour
 e - a +1 kite shield (worn)
 i - a +0 helmet (worn)
 j - a +0 ring mail (worn)
Scrolls
 b - 2 scrolls of identify
 d - 2 scrolls of immolation
 l - a scroll of brand weapon
Potions
 k - 3 potions of lignification
 m - a potion of attraction
 q - a potion of flight


   Skills:
 + Level 6.8 Fighting
 * Level 7.5 Axes
 + Level 6.2 Armour
 + Level 4.6 Dodging
 + Level 5.7 Shields


You had 8 spell levels left.
You didn't know any spells.
Your spell library was empty.

Dungeon Overview and Level Annotations

Branches:
Dungeon (8/15)             Temple (0/1) D:5
   Lair: D:8-11

Altars:
Fedhas

Annotations:
D:8 Psyche


Innate Abilities, Weirdness & Mutations

You are immune to sickness and miasma.
Your stone body is resilient. (AC +6)
You are immune to poison.
You resist negative energy. (rN+)
You are resistant to electric shocks. (rElec)
You are resistant to unholy torment.
You are immune to petrification.
[Armour fits poorly on your strangely shaped body.]
[You are very dopey. (Int -4)]
[You are extremely frail. (-30% HP)]
[You are very weak. (Str -4)]
[Your spells are easier to cast, but less powerful.]
[You sometimes lose the ability to read scrolls when taking damage.]


Message History

You see here a piece from Xom's chessboard (15/15).
Your skin crawls.
You feel strong-willed.
A red ugly thing comes into view.
The red ugly thing gurgles horribly!
You hear a chilling moan.
A wretched star comes into view.
The red ugly thing tentacle-slaps you but does no damage.
Blink to where?
Press: ? - help, Dir - move target
As you read the scroll of blinking, it crumbles to dust.
The wretched star pulses with an eldritch light!
Your connection to magic feels subdued.
Your connection to magic feels more subdued.
An ancient zyme comes into view.
You feel the effects of Trog's Hand fading.
A small abomination comes into view.
Your skin stops crawling.
You feel less strong-willed.
The wretched star pulses with an eldritch light!
You lose the ability to read scrolls when threatened.
A large abomination comes into view.
The wretched star pulses with an eldritch light!
Your body twists and deforms.
The large abomination hits you!!
Ouch! That really hurt!
* * * LOW HITPOINT WARNING * * *
Okay, then.
You fade into invisibility!
You block the large abomination's attack.
You are very lightly contaminated with residual magic.
Your skin crawls.
You feel strong-willed.
The large abomination closely misses you.
You hit the large abomination.
The large abomination is lightly damaged.
You block the large abomination's attack.
You hit the large abomination but do no damage.
The large abomination is lightly damaged.
The large abomination hits you!
You feel threatened and lose the ability to read scrolls!
You die...

. ##.## .##...##.#
# #. .
u#..#........#
..5..#.##..#...###
..##.
.#*##§..5...# #
##.. .. ####..# #
# ### #....*x# #
#.#. #x# ...# #X#
. #≈..#@# ...####
# #. #


You could see a wretched star, an ancient zyme, a large abomination, a small
abomination and a shadow imp.

Vanquished Creatures
  A gargoyle (D:6)
  Edmund (D:5)
  4 black bears
  2 necrophages
  3 centaurs
  5 ogres
  4 phantoms
  A bullfrog (D:6)
  A water moccasin zombie (D:5)
  A scorpion (D:5)
  4 killer bees (D:8)
  A howler monkey (D:5)
  2 jellies
  A centaur skeleton (D:6)
  An orc priest (D:3)
  A bullfrog skeleton (D:4)
  2 gnoll shamans
  2 hounds (D:7)
  2 iguanas
  An orc wizard (D:5)
  15 gnolls
  3 adders
  3 worms
  3 dart slugs
  15 orcs
  9 endoplasms
  6 giant cockroaches
  7 goblins
  5 hobgoblins
  4 quokkas
  6 ball pythons
  5 bats
  A frilled lizard (D:1)
  6 kobolds
  7 rats
135 creatures vanquished.

Vanquished Creatures (others)
  2 starspawn tentacles (Abyss:1)
2 creatures vanquished.

Grand Total: 137 creatures vanquished

Notes
Turn   | Place    | Note
-------+----------+-------------------------------------------
     0 | D:1      | toffzen the Gargoyle Berserker began the quest for the Orb.
     0 | D:1      | Reached XP level 1. HP: 14/14 MP: 1/1
   269 | D:1      | Reached XP level 2. HP: 19/19 MP: 2/2
   344 | D:1      | Reached skill level 3 in Axes
   769 | D:1      | Reached XP level 3. HP: 18/23 MP: 3/3
   938 | D:1      | Found a faded altar of an unknown god.
  1376 | D:2      | Reached ** piety under Trog
  2054 | D:3      | Reached skill level 1 in Shields
  2060 | D:3      | Reached XP level 4. HP: 29/29 MP: 4/4
  2749 | D:4      | Reached XP level 5. HP: 33/33 MP: 5/5
  2760 | D:4      | Noticed an ogre
  2767 | D:4      | Killed an ogre
  2768 | D:4      | Reached skill level 4 in Axes
  3079 | D:4      | Noticed a necrophage
  3086 | D:4      | Killed a necrophage
  3087 | D:4      | Reached XP level 6. HP: 35/38 MP: 6/6
  3176 | D:4      | Reached *** piety under Trog
  3802 | D:5      | Entered Level 5 of the Dungeon
  3844 | D:5      | Reached XP level 7. HP: 32/44 MP: 7/7
  4121 | D:5      | Reached skill level 5 in Axes
  4135 | D:5      | Reached skill level 5 in Fighting
  4409 | D:5      | Reached XP level 8. HP: 44/49 MP: 8/8
  4695 | D:5      | Noticed Edmund
  4705 | D:5      | Killed Edmund
  4760 | D:5      | Found a staircase to the Ecumenical Temple.
  5223 | D:6      | Reached skill level 6 in Axes
  5238 | D:6      | Reached skill level 5 in Armour
  5631 | D:6      | Noticed a gargoyle
  5640 | D:6      | Killed a gargoyle
  5641 | D:6      | Reached XP level 9. HP: 55/55 MP: 9/9
  5884 | D:6      | Reached skill level 5 in Shields
  6129 | D:6      | Found a blossoming altar of Fedhas.
  6471 | D:7      | Reached skill level 7 in Axes
  6846 | D:7      | Reached **** piety under Trog
  8100 | D:8      | Noticed Psyche
  8128 | D:8      | Cast into level 1 of the Abyss (Psyche)
  8180 | Abyss:1  | Noticed a wretched star
  8181 | Abyss:1  | Noticed a tentacled starspawn
  8226 | Abyss:1  | Noticed a green death
  8229 | Abyss:1  | Noticed a smoke demon
  8263 | Abyss:1  | Noticed an ancient zyme
  8265 | Abyss:1  | Noticed a wretched star
  8280 | Abyss:1  | Noticed an ancient zyme
  8312 | Abyss:1  | Noticed a large abomination
  8320 | Abyss:1  | Noticed a red ugly thing
  8321 | Abyss:1  | Noticed a wretched star
  8330 | Abyss:1  | Noticed an ancient zyme
  8355 | Abyss:1  | Slain by a large abomination

Illustrated notes

Levels and vault maps discovered:
D:1:      dpeg_arrival_radiant, layout_basic,
          hellmonk_ecumenical_altar_leap_of_faith
D:2:      layout_loops_ring, corner_web_ring
D:3:      layout_rooms
D:4:      layout_loops_corners
D:5:      layout_basic, minmay_temple_entry_purple_smoke, uniq_edmund
D:6:      layout_basic, general_overflow_altar
D:7:      layout_cave_pods
D:8:      layout_basic, the_hattery, uniq_psyche
Abyss:1:  base: D:4, gammafunk_abyss_exit_x_factor,
          gammafunk_abyss_exit_x_factor

Skill      XL: |  1  2  3  4  5  6  7  8  9 |
---------------+----------------------------+-----
Axes           | 3 4 5 6 7 |  7.5
Shields        | 1 2 3 4 5 |  5.7
Dodging        | 2 3 4 |  4.6
Armour         | 3 4 5 6 |  6.2
Fighting       | 4 5 6 |  6.8

Action                   |  1- 3 |  4- 6 |  7- 9 || total
-------------------------+-------+-------+-------++-------
Melee: Hand axe          |   138 |    19 |       ||   157
       Flail             |       |    97 |   257 ||   354
       War axe           |       |       |    47 ||    47
Invok: Berserk           |     1 |     3 |     9 ||    13
       Trog's Hand       |       |     1 |     6 ||     7
  Use: Scroll            |       |     6 |    16 ||    22
       Potion            |       |       |     4 ||     4
Armor: Animal skin       |    20 |       |       ||    20
       Ring mail         |    39 |    51 |   184 ||   274
Dodge: Dodged            |    58 |    39 |   162 ||   259
Block: Kite shield       |    54 |    49 |   234 ||   337
